 Dungeon Crawl Stone Soup version 0.31-a0-986-g5e6e4ef867 (webtiles) character file.

Game seed: 6869349541362643751

125 LeprechaunX the Changeling (level 5, -5/34 HPs)
             Began as an Octopode Shapeshifter on Nov 8, 2023.
             Killed from afar by an orc (13 damage)
             ... with an iceblast
             ... on level 3 of the Dungeon.
             The game lasted 00:01:49 (2389 turns).

LeprechaunX the Changeling (Octopode Shapeshifter)  Turns: 2389, Time: 00:01:50

Health: -5/34      AC:  1    Str: 14    XL:     5   Next: 9%
Magic:  5/5        EV: 13    Int: 12    God:
Gold:   147        SH:  0    Dex: 13    Spells: 4/4 levels left

rFire   . .          .
                       - Unarmed
rCold   . . .        (no shield)
rNeg    . . .        (helmet currently unavailable)
rPois   .            (no amulet)
rElec   .            (no ring)
rCorr   .            (no ring)
SInv    .            (no ring)
Will    .....        (no ring)
Stlth   ++           (no ring)
HPRegen 0.25/turn    (no ring)
MPRegen 0.09/turn    (no ring)
                     (no ring)

%: no passive effects
@: beast-form
A: beast (slay +2), almost no armour, amphibious, 8 rings, camouflage 1,
gelatinous body 1, (nimble swimmer 1), tentacles
a: Begin Untransformation


You were on level 3 of the Dungeon.
You were a hulking beast.
You visited 1 branch of the dungeon, and saw 3 of its levels.

You collected 147 gold pieces.

Inventory:

Missiles
 e - 3 curare-tipped darts
Talismans
 b - a beast talisman
 c - a flux talisman
Scrolls
 d - a scroll of poison {unknown}
 f - 3 scrolls of identify {unknown}
 g - a scroll of enchant weapon {unknown}
Potions
 a - 2 potions of lignification
 h - a potion of cancellation {unknown}


   Skills:
 + Level 2.2 Fighting
 + Level 1.2 Throwing
 - Level 2.0 Dodging
 + Level 3.6 Unarmed Combat
 * Level 4.1 Shapeshifting


You had 4 spell levels left.
You didn't know any spells.
Your spell library contained the following spells:

 Spells                   Type           Power      Damage    Failure   Level
 Freeze                   Ice            0%         1d3       32%         1
 Shock                    Conj/Air       0%         1d3       32%         1
 Frozen Ramparts          Ice            0%         1d1       69%         3
 Hailstorm                Conj/Ice       0%         3d3       69%         3
 Swiftness                Air            0%         N/A       69%         3
 Airstrike                Air            0%         2d(0-16)  97%         4


Dungeon Overview and Level Annotations

Branches:
Dungeon (3/15)

Altars:

Annotations:
D:3 2 transporters, haloelite's ghost, weakling MiCA


Innate Abilities, Weirdness & Mutations

You are a hulking beast.
Your limbs bulge with bestial killing power. (Slay +2)
You cannot wear most types of armour.
You are amphibious.
You can wear up to eight rings at the same time.
Your skin changes colour to match your surroundings (Stealth+).
Your rubbery body absorbs attacks. (AC +1, EV +1)
((You are camouflaged when in or above water. (Stealth+)))
You have tentacles for arms and can constrict up to eight enemies at once.


Message History

No target in view!
No target in view!
No target in view!
No target in view!
No target in view!
No target in view!
No target in view!
No target in view!
Things that are here:
a +0 club; a goblin corpse
Found a stone staircase leading down.
Found an escape hatch in the ceiling.
There is a stone staircase leading down here.
There is an escape hatch in the ceiling here.
You now have 147 gold pieces (gained 14).
An orc comes into view.
It is wielding a +0 whip and carrying a wand of iceblast.
An orc is nearby!
An orc is nearby!
An orc is nearby!
A bat comes into view.
Found 4 poisoned darts.
The orc shouts!
The orc zaps a wand.
The mass of ice explodes!
The iceblast engulfs you!
A hobgoblin comes into view.
The hobgoblin shouts!
You hear an angry hiss.
The orc throws a boomerang.
The boomerang hits you.
You tentacle-slap the bat.
You kill the bat!
The orc zaps a wand.
The mass of ice explodes!
The iceblast engulfs you!
* * * LOW HITPOINT WARNING * * *
An iguana comes into view.
You hear an angry hiss.
You are too injured to fight recklessly!
You are too injured to fight recklessly!
Unknown command.
Unknown command.
Unknown command.
The orc zaps a wand.
The mass of ice explodes!
The iceblast engulfs you!
You die...

.........#.####.#....(
##.#...^..#...##.#....###
#.#......###.# .:......
######## #.# #...go# #.#
#.....# #.# #.†...#
#.###.....#
#.........####
#.>.h.........
#####........# #........#
#........# #........#
#......... #.........
#......... #.........


You could see an orc and a hobgoblin.

Vanquished Creatures
  3 gnolls (D:2)
  3 adders
  A worm (D:2)
  A dart slug (D:1)
  An orc (D:3)
  3 bats
  10 endoplasms
  4 giant cockroaches
  2 hobgoblins (D:1)
  4 jackals (D:2)
  6 kobolds
  A quokka (D:1)
  6 ball pythons
  A frilled lizard (D:1)
  5 goblins
  6 rats
57 creatures vanquished.

Notes
Turn   | Place    | Note
-------+----------+-------------------------------------------
     0 | D:1      | LeprechaunX the Octopode Shapeshifter began the quest for
                  | the Orb.
     0 | D:1      | Reached XP level 1. HP: 13/13 MP: 1/1
   139 | D:1      | Reached XP level 2. HP: 18/18 MP: 2/2
   192 | D:1      | Found a faded altar of an unknown god.
   415 | D:1      | Reached XP level 3. HP: 20/23 MP: 3/3
  1188 | D:2      | Reached XP level 4. HP: 17/29 MP: 4/4
  1574 | D:2      | Reached skill level 1 in Throwing
  1574 | D:2      | Reached skill level 4 in Shapeshifting
  2288 | D:3      | Reached XP level 5. HP: 23/34 MP: 5/5
  2344 | D:3      | Found a transporter.
  2349 | D:3      | Noticed haloelite's ghost (weakling MiCA)
  2356 | D:3      | Found a transporter.
  2389 | D:3      | Killed from afar by an orc

Illustrated notes

Levels and vault maps discovered:
D:1:      nicolae_arrival_washed_ashore, layout_basic,
          shapermc_ecumenical_altar_pompeii, minivault_19, minmay_bisected
D:2:      layout_loops_ring, dk_noncrumbling_2, columned_hall_lemuel
D:3:      layout_basic, serial_shops, shop, gammafunk_ghost_stat_death

Skill      XL: |  1  2  3  4 |
---------------+-------------+-----
Fighting       | 2 |  2.2
Throwing       | 1 |  1.2
Shapeshifting  | 4 |  4.1
Dodging        | |  2.0
Unarmed Combat | |  3.6

Action                     |  1- 3 |  4- 6 || total
---------------------------+-------+-------++-------
  Melee: Unarmed           |    67 |    49 ||   116
         Constrict         |    15 |    10 ||    25
         Tentacles         |     9 |     7 ||    16
         Punch             |     1 |     2 ||     3
   Stab: Sleeping          |     7 |     6 ||    13
 Armour: Skin              |    21 |    22 ||    43
  Dodge: Dodged            |    39 |    21 ||    60

Table legend: (Time is in decaauts)
 A = Elapsed time spent in this place.
 B = Non-inter-level travel time spent in this place.
 C = Inter-level travel time spent in this place.
 D = Time resting spent in this place.
 E = Time spent auto-exploring this place.
 F = Levels seen in this place.
 G = Mean time per level.
                   A        B        C        D        E       F      G
               +--------+--------+--------+--------+--------+-----+--------+
         Total |   2381 |   2251 |    130 |      0 |   1925 |   3 |  793.7 |
       Dungeon |   2381 |   2251 |    130 |      0 |   1925 |   3 |  793.7 |
               +--------+--------+--------+--------+--------+-----+--------+

Top non-repeatable levels by time:
     D:1: 1136 daAuts
     D:2: 972 daAuts
     D:3: 272 daAuts
